Construct Infanterie Kompanie
Construct Infanterie Kompanie
Construct Infanterie Kompanie
Construct Luftwaffe Kompanie
Selects Mechanized Battlegroup
Selects Mechanized Battlegroup
Selects Mobile Repair Stations
Marder III M Tank Destroyer
Marder III M Tank Destroyer
Selects StuG Assault Group
Marder III M Tank Destroyer
Selects UNKNOWN (2160084)
Selects Wespe Self-propelled Artillery
Selects Zeroing Artillery Barrage
Marder III M Tank Destroyer
Marder III M Tank Destroyer
Selects UNKNOWN (2160084)
Wespe Self-propelled Artillery
Zeroing Artillery Barrage